 Dungeon Crawl Stone Soup version 0.18-a0-1713-g50a528e (webtiles) character file.

71 MenacingMecha the Poker (level 4, 0/49 HPs)
             Began as a Merfolk Gladiator on Apr 7, 2016.
             Slain by an adder (2 damage)
             ... on level 2 of the Dungeon.
             The game lasted 00:06:00 (1137 turns).

MenacingMecha the Poker (Merfolk Gladiator)         Turns: 1137, Time: 00:06:01

Health: 0/49       AC: 22    Str: 16    XL:     4   Next: 24%
Magic:  4/4        EV:  2    Int:  7    God:
Gold:   104        SH:  0    Dex: 19    Spells: 0 memorised, 3 levels left

rFire  . . .     SeeInvis .     o - +0 halberd
rCold  . . .     Gourm    .     (armour currently unavailable)
rNeg   + + +     Faith    .     (shield currently unavailable)
rPois  +         Spirit   .     (helmet currently unavailable)
rElec  .         Dismiss  .     (cloak currently unavailable)
rCorr  .         Reflect  .     (gloves currently unavailable)
SustAt .         Harm     .     (boots currently unavailable)
MR     .....     NoTele   +     (no amulet)
Stlth  +++.......               (no ring)
                                (no ring)

@: agile, lethally poisoned (0 -> -1), tree-form, not resistant to hostile
enchantments, fairly stealthy
A: (change form in water), (swift swim)
a: no special abilities


You were on level 2 of the Dungeon.
You were not hungry.
You were a tree.
You visited 1 branch of the dungeon, and saw 2 of its levels.

You collected 104 gold pieces.

Inventory:

Hand Weapons
 a - a +0 trident
 o - a +0 halberd (weapon)
Missiles
 d - 3 throwing nets (quivered)
Armour
 b - a +0 leather armour
 c - a +0 helmet (melded)
 k - a +0 ring mail (melded)
Jewellery
 e - a cursed ring of teleportation {unknown}
Scrolls
 g - a scroll of enchant armour {unknown}
 h - 2 scrolls of teleportation {unknown}
 j - 3 scrolls of identify {unknown}
Comestibles
 f - 4 bread rations
 l - a beef jerky
 m - 6 chunks of flesh


   Skills:
 - Level 2.1 Fighting
 + Level 7.2 Polearms
 - Level 2.0 Throwing
 - Level 4.0 Dodging


You had 3 spell levels left.
You didn't know any spells.

Dungeon Overview and Level Annotations

Branches:
Dungeon (2/15)

Altars:


Message History

The adder is severely wounded.
* * * LOW HITPOINT WARNING * * *
You feel sick. The adder bites you but does no damage.
You miss the adder.
The adder is severely wounded.
The adder bites you but does no damage. x2
You barely miss the adder.
The adder is severely wounded.
The adder bites you but does no damage.
You barely miss the adder.
The adder is severely wounded.
The adder bites you but does no damage. x2
You closely miss the adder.
The adder is severely wounded.
* * * LOW HITPOINT WARNING * * *
You feel sick. The adder bites you but does no damage.
You closely miss the adder.
The adder is severely wounded.
The adder bites you.
You die...

.#.♣.♣##.....#
.♣.....♣.##..##..#..#
...♣.♣...##..##..#..#
♣.♣...♣.♣##..##..#..#.
....♣...# #..##.......
♣.♣...♣.♣##..##.......
...♣.♣.......##.....
.♣.....♣......#..#######
.##♣.♣#.........♣.......
.....##.#####.#.#S##P.P.
......#.# #.#.#g# ♣
......#.# #.#.#..
......#. ........
......#. #.#.###.♣
♣♣♣...# #...# .P ♣###
##...


PPP ..# You could see a gnoll and an adder.

Vanquished Creatures
  An adder (D:2)
  3 gnolls (D:2)
  A hobgoblin (D:1)
  6 jackals (D:1)
  7 bats (D:1)
  3 giant newts (D:1)
  5 goblins
  5 kobolds
  A rat (D:1)
32 creatures vanquished.

Vanquished Creatures (others)
  A plant (D:2)
1 creature vanquished.

Grand Total: 33 creatures vanquished

Notes
Turn   | Place    | Note
--------------------------------------------------------------
     0 | D:1      | MenacingMecha the Merfolk Gladiator began the quest for the Orb.
     0 | D:1      | Reached XP level 1. HP: 16/16 MP: 1/1
    33 | D:1      | Reached skill level 5 in Polearms
    37 | D:1      | Reached XP level 2. HP: 15/22 MP: 2/2
   454 | D:1      | Reached skill level 6 in Polearms
   454 | D:1      | Reached XP level 3. HP: 27/27 MP: 3/3
  1107 | D:2      | Reached skill level 7 in Polearms
  1107 | D:2      | Reached XP level 4. HP: 33/33 MP: 4/4
  1132 | D:2      | HP: 2/49 [poisoned by an adder]
  1137 | D:2      | Slain by an adder

Vault maps used:
D:1:      lordsloth_arrival_two_stooges
D:2:      grunt_temple_overflow_open, overflow_temple_1_default, first_bread,
          serial_forest, infiniplex_forest_pool, infiniplex_forest_end_double,
          infiniplex_forest_lined_ring, infiniplex_forest_end_1,
          infiniplex_forest_clump_curved, infiniplex_forest_lined_ring,
          infiniplex_forest_end_3

Skill      XL: |  1  2  3 |
---------------+----------+-----
Polearms       | 5 6 7 |  7.2
Fighting       | |  2.1
Throwing       | |  2.0
Dodging        | |  4.0

Action                   |  1- 3 |  4- 6 || total
-------------------------+-------+-------++-------
Melee: Trident           |    85 |       ||    85
       Halberd           |     5 |    21 ||    26
  Use: Potion            |       |     2 ||     2
 Stab: Sleeping          |     3 |       ||     3
  Eat: Chunk             |     1 |       ||     1
